 Dungeon Crawl Stone Soup version 0.18-a0-1799-g6250cb2 (webtiles) character file.

107 Laan the Cudgeler (level 4, -7/42 HPs)
             Began as a Naga Fighter on Apr 23, 2016.
             Mangled by an ogre
             ... wielding a cursed -2 giant spiked club
              (22 damage)
             ... on level 2 of the Dungeon.
             The game lasted 00:07:44 (1292 turns).

Laan the Cudgeler (Naga Fighter)                    Turns: 1292, Time: 00:07:45

Health: -7/42      AC:  7    Str: 21    XL:     4   Next: 86%
Magic:  4/4        EV:  5    Int:  8    God:
Gold:   116        SH:  9    Dex: 13    Spells: 0 memorised, 3 levels left

rFire  . . .     SeeInvis +     a - +0 flail
rCold  . . .     Gourm    .     b - +0 scale mail
rNeg   . . .     Faith    .     c - +0 shield
rPois  +         Spirit   .     g - +1 hat
rElec  .         Dismiss  .     (no cloak)
rCorr  .         Reflect  .     i - +0 pair of gloves
SustAt .         Harm     .     (no barding)
MR     .....                    (no amulet)
Stlth  ..........               o - +2 ring of strength
                                n - +2 ring of dexterity

@: very slow, not resistant to hostile enchantments, extremely unstealthy
A: see invisible, deformed body, poison resistance, slowness 2, slow metabolism
1, spit poison 2, AC +1
a: Spit Poison


You were on level 2 of the Dungeon.
You were not hungry.

You visited 1 branch of the dungeon, and saw 3 of its levels.

You collected 116 gold pieces.

Inventory:

Hand Weapons
 a - a +0 flail (weapon)
Armour
 b - a +0 scale mail (worn)
 c - a +0 shield (worn)
 g - a +1 hat (worn)
 i - a +0 pair of gloves (worn)
Jewellery
 n - a +2 ring of dexterity (left hand)
 o - a +2 ring of strength (right hand)
Scrolls
 h - a scroll of teleportation {unknown}
 k - a scroll of random uselessness {unknown}
 q - 2 scrolls of identify {unknown}
 r - a scroll of amnesia {unknown}
 s - a scroll of magic mapping {unknown}
 t - a scroll of blinking {unknown}
 v - a scroll of enchant armour {unknown}
Potions
 d - a potion of might
 e - 3 potions of degeneration {unknown}
 j - a potion of curing {unknown}
 m - 4 potions of berserk rage {unknown}
 u - a potion of mutation {unknown}
Comestibles
 f - a bread ration
 l - 4 meat rations
 p - a beef jerky


   Skills:
 - Level 3.0 Fighting
 + Level 4.8 Maces & Flails
 - Level 2.4 Armour
 - Level 2.4 Shields


You had 3 spell levels left.
You didn't know any spells.

Dungeon Overview and Level Annotations

Branches:
Dungeon (3/15)

Altars:

Annotations:
D:3 Robin


Innate Abilities, Weirdness & Mutations

You cannot wear boots.
Your serpentine skin is tough (AC +1).
You have supernaturally acute eyesight.
Armour fits poorly on your strangely shaped body.
Your system is resistant to poisons.
You cover ground very slowly.
You have a slow metabolism.
You can spit poison.


Message History

HP restored.
You climb downwards.
Level annotation: Robin Robin roars a battlecry!
The goblin goes into a battle-frenzy!
The ogre barely misses you. The goblin hits you but does no damage.
The goblin closely misses you.
You hear a shout!
There is a stone staircase leading up, spattered with blood here.
The goblin hits you but does no damage. You block the goblin's attack.
The ogre hits you with a giant spiked club!!
Ouch! That really hurt!
You climb upwards.
There is a stone staircase leading down here.
You hit the ogre.
The ogre is lightly wounded.
The goblin hits you with a dagger. The goblin hits you but does no damage.
The ogre hits you with a giant spiked club!!
Ouch! That really hurt!
You die...

#.## ########......##.####.##..#
#..# #..........#...#.#.........
##.####.#######...)..........<...
##.#....# ####...............
........### #.#......)......
##..###...## ###...#.#.........
##..# ###..#####..............###
#..## ##......g#####.#..###...#
#..# ####..O@g..##.#..# #.#..
...# #.#####).#.#..# #..## ##.#
#.# ##.#....# ##..# #.# ##.#
#.....#.# ##.. #.#
##..#####.##..#.####### #.#
#.........##.....†.# #
##.########..#########...###.## #
..†.....#....# ###...###..###
...........### ###........#...#


You could see an ogre and 2 goblins.

Vanquished Creatures
  6 adders (D:2)
  A worm (D:2)
  4 dart slugs
  2 giant geckos
  A giant cockroach (D:1)
  6 goblins
  6 hobgoblins
  4 bats
  5 giant newts
  5 kobolds
  6 rats
46 creatures vanquished.

Notes
Turn   | Place    | Note
--------------------------------------------------------------
     0 | D:1      | Laan the Naga Fighter began the quest for the Orb.
     0 | D:1      | Reached XP level 1. HP: 21/21 MP: 1/1
   121 | D:1      | Reached XP level 2. HP: 17/28 MP: 2/2
   222 | D:1      | Reached skill level 3 in Maces & Flails
   420 | D:1      | Reached XP level 3. HP: 34/34 MP: 3/3
   691 | D:2      | Reached skill level 4 in Maces & Flails
   949 | D:2      | Reached XP level 4. HP: 40/42 MP: 4/4
  1247 | D:3      | Noticed Robin
  1249 | D:3      | Noticed an ogre
  1292 | D:2      | Mangled by an ogre

Vault maps used:
D:1:      onia_arrival_pyramid, serial_park_tiny_pond, st_stairs_6,
          hangedman_decor_lopped
D:3:      item_on_display_a, uniq_robin

Skill      XL: |  1  2  3 |
---------------+----------+-----
Maces & Flails | 3 4 |  4.8
Fighting       | |  3.0
Armour         | |  2.4
Shields        | |  2.4

Action                   |  1- 3 |  4- 6 || total
-------------------------+-------+-------++-------
Melee: Flail             |   120 |    75 ||   195
  Eat: Chunk             |       |     1 ||     1
Armor: Scale mail        |    64 |    50 ||   114
Dodge: Dodged            |    30 |    23 ||    53
Block: Shield            |    74 |    57 ||   131
